[Event "44th Chess Olympiad Women 2022"]
[Site "Chennai"]
[Date "2022.08.02"]
[Round "5.26"]
[White "Molina, Jessica"]
[Black "Moaataz, Ayah"]
[Result "1/2-1/2"]
[ECO "A02"]
[WhiteElo "1889"]
[BlackElo "2119"]
[Annotator "NA RC"]
[PlyCount "127"]
[EventDate "2022.07.29"]
[EventType "team-tourn"]
[EventCountry "IND"]
[SourceTitle "playchess.com"]
[Source "ChessBase"]
[SourceQuality "1"]
[WhiteTeam "Bolivia"]
[BlackTeam "Egypt"]
[WhiteTeamCountry "BOL"]
[BlackTeamCountry "EGY"]
[TimeControl "40/5400+30:1800+30"]

1. f4 Nf6 2. Nf3 g6 3. e3 Bg7 4. Nc3 d6 5. b3 Nc6 6. Bb2 O-O 7. Be2 e5 8. fxe5 dxe5 9. e4 Nd4 10. O-O Re8 11. Bd3 Bg4 12. Ne2 Nxf3+ 13. gxf3 Bh3 14. Rf2 Nh5 15. Kh1 Bf6 16. Ng3 Bh4 17. Qg1 Nf4 18. Bc4 c6 19. a4 Bd7 20. Qe1 Qg5 21. Rf1 Nh5 22. Rg1 Qf6 23. Qe3 Nxg3+ 24. hxg3 Bg5 25. Qf2 Qd6 26. d4 exd4 27. Qxd4 Qxd4 28. Bxd4 Be6 29. Bxe6 Rxe6 30. Rad1 Be7 31. Be3 f5 32. Rd7 fxe4 33. f4 b6 34. g4 Kf7 35. Rgd1 Ke8 36. Rc7 h5 37. gxh5 gxh5 38. Rdd7 Bd6 39. Rxa7 Rxa7 40. Rxa7 c5 41. Rh7 Rf6 42. Rxh5 Bxf4 43. Rh4 Bxe3 44. Rxe4+ Kd7 45. Rxe3 Rg6 46. Kh2 Kc6 47. Rg3 Re6 48. Kh3 Re4 49. Rg6+ Kb7 50. Rg4 Re3+ 51. Rg3 Re4 52. Rc3 Ka6 53. Kg3 Ka5 54. Kf3 Rh4 55. Ke2 Kb4 56. Re3 c4 57. bxc4 Rxc4 58. Rb3+ Kc5 59. Rb5+ Kc6 60. Kd3 Rxa4 61. Rh5 Ra3+ 62. Kc4 Ra4+ 63. Kb3 Rg4 64. Rf5 1/2-1/2

[Event "44th Chess Olympiad Women 2022"]
[Site "Chennai"]
[Date "2022.08.02"]
[Round "5.27"]
[White "Mayrhuber, Nikola"]
[Black "Rouda Essa, Alserkal"]
[Result "1-0"]
[ECO "D35"]
[WhiteElo "2141"]
[BlackElo "1874"]
[Annotator "NA RC"]
[PlyCount "85"]
[EventDate "2022.07.29"]
[EventType "team-tourn"]
[EventCountry "IND"]
[SourceTitle "playchess.com"]
[Source "ChessBase"]
[SourceQuality "1"]
[WhiteTeam "Austria"]
[BlackTeam "United Arab Emirates"]
[WhiteTeamCountry "AUT"]
[BlackTeamCountry "UAE"]
[TimeControl "40/5400+30:1800+30"]

1. d4 Nf6 2. c4 e6 3. Nc3 d5 4. cxd5 exd5 5. Bg5 Be7 6. e3 c6 7. Bd3 Nbd7 8. Nge2 O-O 9. O-O h6 10. Bh4 Nh5 11. Bxe7 Qxe7 12. Qd2 Re8 13. Rae1 Ndf6 14. Nc1 Ne4 15. Qd1 Nhf6 16. f3 Nxc3 17. bxc3 c5 18. Bb1 b6 19. e4 dxe4 20. fxe4 Bg4 21. Qd3 Nh7 22. e5 Nf8 23. Ne2 Rad8 24. Nf4 cxd4 25. cxd4 Be6 26. Kh1 Qd7 27. Nxe6 Rxe6 28. Re4 Ng6 29. Bc2 Re7 30. Qf3 Nf8 31. Rg4 Qd5 32. Qg3 Ne6 33. Bb3 Qb5 34. Re1 g6 35. d5 Nf8 36. d6 Ree8 37. Rxg6+ Nxg6 38. Qxg6+ Kh8 39. Qxh6+ Kg8 40. Qg6+ Kh8 41. Qf6+ Kh7 42. Re3 Rxd6 43. Rh3+ 1-0

[Event "44th Chess Olympiad Women 2022"]
[Site "Chennai"]
[Date "2022.08.02"]
[Round "5.27"]
[White "Almaini, Aishah Sarhan"]
[Black "Trippold, Denise"]
[Result "0-1"]
[ECO "E18"]
[WhiteElo "1615"]
[BlackElo "2151"]
[Annotator "NA RC"]
[PlyCount "110"]
[EventDate "2022.07.29"]
[EventType "team-tourn"]
[EventCountry "IND"]
[SourceTitle "playchess.com"]
[Source "ChessBase"]
[SourceQuality "1"]
[WhiteTeam "United Arab Emirates"]
[BlackTeam "Austria"]
[WhiteTeamCountry "UAE"]
[BlackTeamCountry "AUT"]
[TimeControl "40/5400+30:1800+30"]

1. d4 Nf6 2. c4 e6 3. Nf3 b6 4. g3 Bb7 5. Bg2 Be7 6. O-O O-O 7. Nc3 Ne4 8. Nxe4 Bxe4 9. Ne5 Bxg2 10. Kxg2 d6 11. Nf3 d5 12. Qa4 c5 13. Bd2 dxc4 14. Qxc4 Nd7 15. Bc3 Rc8 16. Rfd1 Qc7 17. d5 exd5 18. Rxd5 Nf6 19. Bxf6 Bxf6 20. Rad1 Rfd8 21. b3 Rxd5 22. Rxd5 Rd8 23. Qd3 g6 24. Rxd8+ Bxd8 25. Nd2 Qc6+ 26. Qf3 Qd7 27. Nc4 Be7 28. Ne5 Qe6 29. Nc6 Qd7 30. Ne5 Qe6 31. Nc6 a5 32. Nxe7+ Qxe7 33. Qd3 Qe6 34. f3 Qf6 35. Kf2 h5 36. h4 Qe6 37. Kg2 Kh7 38. Kh2 a4 39. Kg2 a3 40. Qc4 Qf6 41. Kf2 Kg7 42. e4 Qb2+ 43. Qe2 b5 44. Ke1 c4 45. bxc4 Qxe2+ 46. Kxe2 b4 47. c5 Kf6 48. Kd3 b3 49. axb3 a2 50. Kc4 a1=Q 51. b4 Ke6 52. Kb5 Qc3 53. Ka4 Kd7 54. Kb5 Kc7 55. g4 Qd3+ 0-1

[Event "44th Chess Olympiad Women 2022"]
[Site "Chennai"]
[Date "2022.08.02"]
[Round "5.27"]
[White "Mariam, Essa"]
[Black "Hapala, Elisabeth"]
[Result "0-1"]
[ECO "B42"]
[WhiteElo "1591"]
[BlackElo "2113"]
[Annotator "NA RC"]
[PlyCount "82"]
[EventDate "2022.07.29"]
[EventType "team-tourn"]
[EventCountry "IND"]
[SourceTitle "playchess.com"]
[Source "ChessBase"]
[SourceQuality "1"]
[WhiteTeam "United Arab Emirates"]
[BlackTeam "Austria"]
[WhiteTeamCountry "UAE"]
[BlackTeamCountry "AUT"]
[TimeControl "40/5400+30:1800+30"]

1. e4 c5 2. Nf3 e6 3. d4 cxd4 4. Nxd4 a6 5. Bd3 Bc5 6. Nb3 Ba7 7. Qe2 Nc6 8. Be3 d6 9. c4 Nf6 10. Nc3 O-O 11. O-O Bxe3 12. Qxe3 e5 13. Rad1 Be6 14. Nd5 Bxd5 15. exd5 Ne7 16. f4 exf4 17. Qxf4 Ng6 18. Bxg6 hxg6 19. Rd3 Re8 20. g4 Re4 21. Qf2 Rxg4+ 22. Kh1 Rxc4 23. Rh3 Rac8 24. Nd2 Rc1 25. Qh4 Rxf1+ 26. Nxf1 Nh5 27. Qxd8+ Rxd8 28. Rb3 Rd7 29. Kg1 Kf8 30. Kf2 Nf6 31. Ne3 Ne4+ 32. Ke2 b5 33. Ra3 Nc5 34. b4 Na4 35. Nc2 Rc7 36. Ne3 Rc1 37. Kd2 Rh1 38. Ng4 f5 39. Nf2 Rxh2 40. Ke3 Rh4 41. Ke2 Rxb4 0-1

[Event "44th Chess Olympiad Women 2022"]
[Site "Chennai"]
[Date "2022.08.02"]
[Round "5.28"]
[White "Kanyamarala, Trisha"]
[Black "Antonova, Nadezhda"]
[Result "1-0"]
[ECO "E70"]
[WhiteElo "2270"]
[BlackElo "1832"]
[Annotator "NA RC"]
[PlyCount "113"]
[EventDate "2022.07.29"]
[EventType "team-tourn"]
[EventCountry "IND"]
[SourceTitle "playchess.com"]
[Source "ChessBase"]
[SourceQuality "1"]
[WhiteTeam "Ireland"]
[BlackTeam "Tajikistan"]
[WhiteTeamCountry "IRL"]
[BlackTeamCountry "TJK"]
[TimeControl "40/5400+30:1800+30"]

1. d4 Nf6 2. c4 g6 3. Nc3 Bg7 4. e4 d6 5. Bd3 Nc6 6. Nge2 e5 7. d5 Nd4 8. Nxd4 exd4 9. Nb5 O-O 10. O-O Nd7 11. Bc2 Ne5 12. Nxd4 Nxc4 13. Rb1 Bd7 14. b3 Ne5 15. h3 c5 16. dxc6 Nxc6 17. Bb2 Nb4 18. Ne6 Bxe6 19. Bxg7 Kxg7 20. Qd4+ Qf6 21. Qxb4 Rac8 22. Bd1 d5 23. Qxb7 dxe4 24. Bg4 Bxg4 25. hxg4 Rfe8 26. Qxa7 Re7 27. Qa5 Qf4 28. Qb4 Rd7 29. Rbe1 f5 30. gxf5 gxf5 31. Rd1 Rcd8 32. Qc3+ Kg6 33. Qc6+ Rd6 34. Rxd6+ Rxd6 35. Qe8+ Kh6 36. g3 Qd2 37. Kg2 Kg7 38. Qe7+ Kg8 39. Rh1 h6 40. Qe8+ Kg7 41. Qe5+ Kg6 42. Qh8 Rd7 43. Qg8+ Kf6 44. Qf8+ Kg6 45. Qe8+ Kh7 46. Qe6 Rd4 47. Qf7+ Kh8 48. Qf8+ Kh7 49. Qxf5+ Kg7 50. Qe5+ Kh7 51. Qe7+ Kg6 52. Qe6+ Kg7 53. Rh4 h5 54. Qe5+ Kg8 55. Rxh5 e3 56. Qe6+ Kg7 57. Rg5+ 1-0

[Event "44th Chess Olympiad Women 2022"]
[Site "Chennai"]
[Date "2022.08.02"]
[Round "5.28"]
[White "Mirza, Diana"]
[Black "Saidova, Rukhshona"]
[Result "1-0"]
[ECO "E85"]
[WhiteElo "1898"]
[BlackElo "1624"]
[Annotator "NA RC COMBH"]
[PlyCount "83"]
[EventDate "2022.07.29"]
[EventType "team-tourn"]
[EventCountry "IND"]
[SourceTitle "playchess.com"]
[Source "ChessBase"]
[SourceQuality "1"]
[WhiteTeam "Ireland"]
[BlackTeam "Tajikistan"]
[WhiteTeamCountry "IRL"]
[BlackTeamCountry "TJK"]
[TimeControl "40/5400+30:1800+30"]

1. d4 Nf6 2. c4 g6 3. f3 Bg7 4. e4 d6 5. Nc3 O-O 6. Be3 e5 7. Nge2 Nh5 8. g4 Nf6 9. Qd2 Nc6 10. d5 Ne7 11. Bh6 c6 12. h4 cxd5 13. cxd5 Qb6 14. Bxg7 Kxg7 15. h5 Neg8 16. O-O-O Qf2 17. Bh3 b5 18. Rdf1 Qc5 19. Kb1 b4 20. Nd1 Ba6 21. Rfg1 Qc4 22. Nc1 Rab8 23. Ne3 Qc7 24. g5 Ne8 25. Qh2 Kh8 26. Bg4 b3 27. a3 Rb7 28. Rg3 Bb5 29. Rh3 a5 30. f4 Qe7 31. hxg6 fxg6 32. f5 Ngf6 33. gxf6 Nxf6 34. fxg6 Be8 35. g7+ Qxg7 36. Bf5 Bg6 37. Rg1 Kg8 38. Bxg6 hxg6 39. Nf5 gxf5 40. Rh8+ Kf7 41. Rxg7+ Kxg7 42. Qh6+ 1-0

[Event "44th Chess Olympiad Women 2022"]
[Site "Chennai"]
[Date "2022.08.02"]
[Round "5.28"]
[White "Hotami, Mutriba"]
[Black "Ni Mhuireagain, Eibhia"]
[Result "0-1"]
[ECO "B17"]
[WhiteElo "1846"]
[BlackElo "1638"]
[Annotator "NA RC COMBH"]
[PlyCount "112"]
[EventDate "2022.07.29"]
[EventType "team-tourn"]
[EventCountry "IND"]
[SourceTitle "playchess.com"]
[Source "ChessBase"]
[SourceQuality "1"]
[WhiteTeam "Tajikistan"]
[BlackTeam "Ireland"]
[WhiteTeamCountry "TJK"]
[BlackTeamCountry "IRL"]
[TimeControl "40/5400+30:1800+30"]

1. e4 c6 2. d4 d5 3. Nc3 dxe4 4. Nxe4 Nd7 5. Nf3 Ngf6 6. Ng3 e6 7. Bd3 c5 8. O-O cxd4 9. Nxd4 Bc5 10. c3 O-O 11. Nb3 Qc7 12. Nxc5 Nxc5 13. Bc2 Qc6 14. Bf4 b6 15. Qd6 Bb7 16. Qxc6 Bxc6 17. Rfd1 Rfd8 18. Ne2 h6 19. Nd4 Be4 20. Bxe4 Nfxe4 21. f3 Nf6 22. Nc6 Rd7 23. Rxd7 Ncxd7 24. a4 Nd5 25. Bg3 a6 26. a5 b5 27. Rd1 Kh7 28. Ne5 Nxe5 29. Bxe5 Rc8 30. Rc1 Ne3 31. Bd4 Nc4 32. b4 Rd8 33. Kf2 e5 34. Be3 f5 35. g3 Rd3 36. Bc5 Rd2+ 37. Kg1 Nb2 38. Rf1 Rc2 39. f4 e4 40. Bd4 Na4 41. Rf2 Rc1+ 42. Kg2 Nxc3 43. Rd2 Nb1 44. Re2 Rd1 45. Bc5 Rd2 46. Kf2 Rxe2+ 47. Kxe2 Kg6 48. Ke3 Kf7 49. g4 g6 50. gxf5 gxf5 51. Bb6 Na3 52. Bc5 Nc4+ 53. Kd4 Ke6 54. Bf8 h5 55. Bh6 Nd2 56. Kc5 e3 0-1

[Event "44th Chess Olympiad Women 2022"]
[Site "Chennai"]
[Date "2022.08.02"]
[Round "5.28"]
[White "Abrorova, Sabrina"]
[Black "O`Gorman, Alice"]
[Result "0-1"]
[ECO "D31"]
[WhiteElo "1799"]
[BlackElo "2043"]
[Annotator "NA RC"]
[PlyCount "94"]
[EventDate "2022.07.29"]
[EventType "team-tourn"]
[EventCountry "IND"]
[SourceTitle "playchess.com"]
[Source "ChessBase"]
[SourceQuality "1"]
[WhiteTeam "Tajikistan"]
[BlackTeam "Ireland"]
[WhiteTeamCountry "TJK"]
[BlackTeamCountry "IRL"]
[TimeControl "40/5400+30:1800+30"]

1. d4 d5 2. c4 e6 3. Nf3 c6 4. Nc3 dxc4 5. a4 Bb4 6. e3 b5 7. Bd2 a5 8. axb5 Bxc3 9. Bxc3 cxb5 10. b3 Bb7 11. bxc4 b4 12. Bb2 Nf6 13. Be2 O-O 14. O-O Nbd7 15. Nd2 Qc7 16. Qb3 Rfb8 17. Bf3 Bxf3 18. Nxf3 Qc6 19. Qd3 a4 20. Nd2 Rd8 21. Qe2 Ne4 22. Nxe4 Qxe4 23. Rfb1 Nb6 24. Ba3 b3 25. f3 Qc6 26. Rc1 Rac8 27. c5 Nd5 28. e4 Nc7 29. Bb2 Ra8 30. Qc4 h6 31. Ra3 Ra7 32. Raa1 Rda8 33. Ba3 Rb8 34. Rcb1 f5 35. exf5 Qd5 36. Qd3 Nb5 37. Rd1 exf5 38. h3 Nxa3 39. Rxa3 Rb4 40. Rb1 Qxd4+ 41. Qxd4 Rxd4 42. Kh2 Rb4 43. Kg3 Rc7 44. Rba1 b2 45. Rb1 Rxc5 46. Ra2 a3 47. Rxa3 Rc1 0-1

[Event "44th Chess Olympiad Women 2022"]
[Site "Chennai"]
[Date "2022.08.02"]
[Round "5.29"]
[White "Azhar, Puteri Rifqah Fahada"]
[Black "Van Zyl, Charlize"]
[Result "1-0"]
[ECO "D02"]
[WhiteElo "1940"]
[BlackElo "1704"]
[Annotator "NA RC"]
[PlyCount "149"]
[EventDate "2022.07.29"]
[EventType "team-tourn"]
[EventCountry "IND"]
[SourceTitle "playchess.com"]
[Source "ChessBase"]
[SourceQuality "1"]
[WhiteTeam "Malaysia"]
[BlackTeam "South Africa"]
[WhiteTeamCountry "MAS"]
[BlackTeamCountry "RSA"]
[TimeControl "40/5400+30:1800+30"]

1. d4 d5 2. Nf3 Nf6 3. Bf4 c5 4. e3 Nc6 5. c3 Qb6 6. Qb3 c4 7. Qxb6 axb6 8. Na3 Bf5 9. Nh4 Bg6 10. Nxg6 hxg6 11. Bc7 e6 12. Nb5 Ra6 13. Be2 Kd7 14. a4 Ne4 15. f3 Nd6 16. Bxd6 Bxd6 17. Nxd6 Kxd6 18. b3 b5 19. Kf2 Rha8 20. Rab1 bxa4 21. bxc4 R6a7 22. cxd5 exd5 23. Rb5 Na5 24. Ra1 Nb3 25. Ra3 Kc6 26. e4 dxe4 27. fxe4 Ra5 28. Rb4 b5 29. Ke3 Kb6 30. Bd1 Rc8 31. Kd3 Rh8 32. Bxb3 axb3 33. Rxa5 Kxa5 34. h3 g5 35. Rxb3 g4 36. hxg4 Rh4 37. d5 Rxg4 38. Rb2 Rh4 39. Rf2 f6 40. Ke3 Kb6 41. Kd4 Kc7 42. c4 bxc4 43. Rc2 Kd6 44. Rxc4 Rg4 45. Rc6+ Kd7 46. Rc2 f5 47. Ke5 fxe4 48. Kf5 Rg3 49. Kf4 Rd3 50. Kxe4 Rd1 51. Ke5 Re1+ 52. Kf5 Rd1 53. g4 Rxd5+ 54. Kg6 Ke7 55. Rc7+ Kf8 56. Rc8+ Ke7 57. g5 Rb5 58. Rg8 Rb1 59. Kxg7 Rg1 60. g6 Rg2 61. Ra8 Rg1 62. Ra3 Rh1 63. Re3+ Kd7 64. Kg8 Rh2 65. g7 Rh1 66. Re5 Kd6 67. Re3 Kd7 68. Rf3 Ke7 69. Ra3 Rh2 70. Ra4 Rh1 71. Re4+ Kd7 72. Kf7 Rf1+ 73. Kg6 Rg1+ 74. Kf6 Kd8 75. Re5 1-0

[Event "44th Chess Olympiad Women 2022"]
[Site "Chennai"]
[Date "2022.08.02"]
[Round "5.29"]
[White "Chong, Kai Ni Agnes"]
[Black "Bouah, Denise"]
[Result "0-1"]
[ECO "D76"]
[WhiteElo "1909"]
[BlackElo "1736"]
[Annotator "TA"]
[PlyCount "130"]
[EventDate "2022.07.29"]
[EventType "team-tourn"]
[EventCountry "IND"]
[SourceTitle "playchess.com"]
[Source "ChessBase"]
[SourceQuality "1"]
[WhiteTeam "Malaysia"]
[BlackTeam "South Africa"]
[WhiteTeamCountry "MAS"]
[BlackTeamCountry "RSA"]
[TimeControl "40/5400+30:1800+30"]

1. d4 Nf6 2. c4 g6 3. Nf3 Bg7 4. g3 d5 5. cxd5 Nxd5 6. Nc3 Nb6 7. e3 O-O 8. Bg2 Nc6 9. O-O Re8 10. Nh4 {[%emt 0:00:41] D76: Fianchetto Grünfeld: Main Line with 7...Nb6.} a5 (10... e5 $5 ) 11. f4 $1 e6 12. Nf3 {[%emt 0:06:54] White is slightly better.} a4 13. Ne4 {[%emt 0:07:21] [#]} f6 $146 ({Predecessor:} 13... Bd7 14. Nc5 Na5 15. Ne5 Bb5 16. Rf2 Qc8 17. Bd2 c6 18. b3 f6 19. Nf3 Nd7 20. bxa4 Nxc5 21. dxc5 {1-0 (48) Kovacs,J (2042)-Rozman,M (2194) Balatonszarszo 2017}) 14. Nc5 e5 15. dxe5 (15. fxe5 {feels hotter.} fxe5 16. Nxe5 Nxe5 17. dxe5 Qxd1 18. Rxd1 Bxe5 19. Rb1) 15... fxe5 (15... Qxd1 {is interesting.} 16. Rxd1 fxe5 17. fxe5 Nxe5 18. Nxe5 Bxe5 19. Rb1 Bf5) 16. fxe5 Nxe5 (16... Qxd1 {looks sharper.} 17. Rxd1 Nxe5 18. Nxe5 Bxe5 19. Rb1 Bf5) 17. Nxe5 Qxd1 18. Rxd1 Bxe5 19. Nxb7 (19. Rb1 $1 $11) 19... Ra7 $2 (19... a3 $1 $17 20. Rb1 Bf5) 20. Nc5 a3 21. Rb1 axb2 22. Bxb2 Rxa2 23. Bxe5 Rxe5 24. Nd3 Rxe3 25. Nf4 {[%emt 0:02:37][%cal Ob1b6] Rxb6! is the strong threat.} Rc2 26. Rb4 Bf5 27. Nd5 {[%emt 0:04:49] [#]} ({Better is} 27. Rbb1 $15) 27... Nxd5 $1 $17 28. Bxd5+ Kg7 29. g4 Be6 30. Bxe6 Rxe6 {[%emt 0:00:04][%mdl 4096] Endgame KRR-KRR} 31. g5 Re7 {[%emt 0:01:58] Against Rd7} 32. h4 h6 33. Rg4 hxg5 34. Rxg5 {[%emt 0:00:58] [#]} Kh6 $1 {[%emt 0:00:20] Against h5. Strongly threatening ...c5.} 35. Rgd5 (35. Rf1 $17 {is more resistant.}) 35... c5 $19 36. Rf1 Ree2 {[%emt 0:00:58] Prevents Rf2.} 37. Rf4 (37. Rf8 $19 Rg2+ 38. Kf1) 37... Rc1+ $2 (37... c4 38. h5 c3 39. hxg6 Re1+ 40. Rf1 Rcc1 41. Rxe1 Rxe1+ 42. Kf2 c2 43. Kxe1 c1=Q+ 44. Ke2 Qc4+ 45. Rd3 Kxg6 46. Kd2 Kf5 47. Rc3 Qd5+ 48. Rd3 Qa5+ 49. Ke2 Qc5 50. Kd2 Ke4 51. Rb3 Qf2+ 52. Kc3 Qe3+ 53. Kc2 Qe2+ 54. Kc3 Qd3+ 55. Kb4 Qd2+ 56. Kb5 Qd5+ 57. Ka4 Qa8+ 58. Kb4 Kd4 59. Rh3 Qb7+ 60. Ka3 Qa6+ 61. Kb2 Qe2+ 62. Ka3 Kc4 63. Rh4+ Kc3 64. Rh3+ Kc2 65. Rg3 Qe7+ 66. Ka4 Qh4+ 67. Ka5 Qxg3 68. Kb6 Qd6+ 69. Kb7 Kc3 70. Ka7 Kc4 71. Kb7 Qd7+ 72. Kb6 Kb4 73. Ka6 Kc5 74. Ka5 Qb5#) 38. Rf1 Rcc2 (38... Rc3 $19 39. Rf2 Re4) 39. Rf4 $1 Re1+ $2 (39... c4 {mates} 40. h5 c3 41. hxg6 Re1+ 42. Rf1 Rcc1 43. Rxe1 Rxe1+ 44. Kf2 Rh1 45. Rd8 Kxg6 46. Rc8 c2 47. Rc6+ Kf7 48. Rxc2 Rh2+ 49. Kf3 Rxc2 50. Ke3 Ke6 51. Kd3 Rg2 52. Ke4 Rg4+ 53. Kf3 Rd4 54. Kf2 Kf5 55. Ke3 Rd7 56. Kf2 Kf4 57. Ke2 Rd4 58. Kf2 Rd2+ 59. Ke1 Ke3 60. Kf1 Kf3 61. Kg1 Rd1+ 62. Kh2 Rf1 63. Kh3 Rh1#) 40. Rf1 Rxf1+ ({Black should try} 40... Re4 $19 {Hoping for ...Rg4+.} 41. Rf2 Rc1+ 42. Kg2 Rxh4) 41. Kxf1 {[%emt 0:30:05] KR-KR} c4 {[%emt 0:30:14] aiming for ...Rh2.} 42. Rc5 c3 43. Ke1 Rc1+ 44. Ke2 c2 45. Kd2 Rh1 46. Kxc2 Rxh4 47. Kd2 Re4 {[%emt 0:00:00] ( -> ...g5)} 48. Rd5 {[%emt 0:00:00][%mdl 8192] White is now going downhill.} (48. Rc1 $11) 48... g5 {[%emt 0:00:00][%cal Bg6g5,Bg5g4,Bg4g3,Bg3g2][%mdl 32] Black mates.} 49. Rd8 Kh5 50. Rh8+ Kg4 51. Rg8 Kh4 52. Kd3 Re6 53. Rg7 g4 54. Rh7+ Kg3 55. Rg7 Kf3 56. Rf7+ Kg2 57. Rg7 g3 58. Rg8 Kf2 59. Rf8+ Kg1 60. Rg8 g2 61. Rg5 Kf2 62. Rf5+ Kg3 63. Rg5+ Kf3 64. Rg8 Rd6+ 65. Kc2 Rf6 {[%emt 0:00:00] Weighted Error Value: White=0.40/Black=0.40} 0-1

[Event "44th Chess Olympiad Women 2022"]
[Site "Chennai"]
[Date "2022.08.02"]
[Round "5.29"]
[White "February, Jesse Nikki"]
[Black "Foudzi, Siti Zulaikha"]
[Result "0-1"]
[ECO "B08"]
[WhiteElo "1872"]
[BlackElo "2188"]
[Annotator "NA RC"]
[PlyCount "106"]
[EventDate "2022.07.29"]
[EventType "team-tourn"]
[EventCountry "IND"]
[SourceTitle "playchess.com"]
[Source "ChessBase"]
[SourceQuality "1"]
[WhiteTeam "South Africa"]
[BlackTeam "Malaysia"]
[WhiteTeamCountry "RSA"]
[BlackTeamCountry "MAS"]
[TimeControl "40/5400+30:1800+30"]

1. e4 g6 2. d4 Bg7 3. Nf3 d6 4. Nc3 Nf6 5. Bc4 c6 6. a4 b6 7. h3 O-O 8. O-O Nxe4 9. Nxe4 d5 10. Bd3 dxe4 11. Bxe4 Bb7 12. c3 Nd7 13. Bf4 Nf6 14. Bd3 a6 15. Re1 Nd5 16. Be5 Bh6 17. Re4 f6 18. Rh4 Bg7 19. Bg3 e6 20. Qc2 f5 21. Qe2 Qe7 22. Be5 Rae8 23. Re1 h6 24. Bc4 b5 25. Bxg7 Kxg7 26. Bxd5 cxd5 27. axb5 axb5 28. Qxb5 Bc8 29. Qe2 Qf6 30. g3 Re7 31. Ne5 Rc7 32. Rf4 Rd8 33. Rf3 Rd6 34. Qd2 Ra7 35. h4 g5 36. hxg5 Qxg5 37. Qxg5+ hxg5 38. g4 Ra2 39. b4 Rda6 40. Rh3 fxg4 41. Rh5 Kf6 42. Rh8 Ra1 43. Rxa1 Rxa1+ 44. Kh2 Ba6 45. Nxg4+ Kf5 46. Ne3+ Ke4 47. Re8 Kf3 48. Rxe6 Kxf2 49. Nxd5 Be2 50. Nf6 Bf3 51. Ne4+ Bxe4 52. Rxe4 Ra8 53. Kh3 Kf3 0-1

[Event "44th Chess Olympiad Women 2022"]
[Site "Chennai"]
[Date "2022.08.02"]
[Round "5.29"]
[White "Selkirk, Rebecca"]
[Black "Sim, Jia Ru"]
[Result "0-1"]
[ECO "B48"]
[WhiteElo "1745"]
[BlackElo "2005"]
[Annotator "NA RC"]
[PlyCount "66"]
[EventDate "2022.07.29"]
[EventType "team-tourn"]
[EventCountry "IND"]
[SourceTitle "playchess.com"]
[Source "ChessBase"]
[SourceQuality "1"]
[WhiteTeam "South Africa"]
[BlackTeam "Malaysia"]
[WhiteTeamCountry "RSA"]
[BlackTeamCountry "MAS"]
[TimeControl "40/5400+30:1800+30"]

1. e4 c5 2. Nf3 e6 3. d4 cxd4 4. Nxd4 Nc6 5. Nc3 Qc7 6. Be3 a6 7. Qd2 Nf6 8. O-O-O Be7 9. f4 b5 10. Bd3 Bb7 11. Nb3 Na5 12. Kb1 Nc4 13. Qe2 Bb4 14. Bd4 Rc8 15. e5 Nd5 16. Nxd5 Bxd5 17. c3 Be7 18. f5 exf5 19. Bxf5 Qc6 20. Nd2 b4 21. Ne4 Qb5 22. Rhe1 Bxe4+ 23. Qxe4 Nxb2 24. c4 Nxc4 25. e6 dxe6 26. Bxg7 b3 27. Bxe6 Na3+ 28. Ka1 Nc2+ 29. Kb2 fxe6 30. Qxe6 bxa2+ 31. Qb3 a1=Q+ 32. Rxa1 Qxb3+ 33. Kxb3 Nxa1+ 0-1

[Event "44th Chess Olympiad Women 2022"]
[Site "Chennai"]
[Date "2022.08.02"]
[Round "5.30"]
[White "Corrales Jimenez, Zenia"]
[Black "Al-Fayyadh, Zainab Asif Abdulah"]
[Result "1-0"]
[ECO "C84"]
[WhiteElo "2143"]
[BlackElo "1749"]
[Annotator "NA RC"]
[PlyCount "43"]
[EventDate "2022.07.29"]
[EventType "team-tourn"]
[EventCountry "IND"]
[SourceTitle "playchess.com"]
[Source "ChessBase"]
[SourceQuality "1"]
[WhiteTeam "Mexico"]
[BlackTeam "Iraq"]
[WhiteTeamCountry "MEX"]
[BlackTeamCountry "IRQ"]
[TimeControl "40/5400+30:1800+30"]

1. e4 e5 2. Nf3 Nc6 3. Bb5 a6 4. Ba4 Nf6 5. d4 exd4 6. O-O Be7 7. e5 Nd5 8. Nxd4 Nb6 9. Nf5 O-O 10. Bb3 Nxe5 11. f4 Bc5+ 12. Be3 Bxe3+ 13. Nxe3 Ng6 14. Nc3 d6 15. f5 Ne5 16. Qh5 Nbd7 17. Ne4 c6 18. f6 Nxf6 19. Rxf6 gxf6 20. Qh6 Ng6 21. Rf1 f5 22. Ng5 1-0

[Event "44th Chess Olympiad Women 2022"]
[Site "Chennai"]
[Date "2022.08.02"]
[Round "5.30"]
[White "Avila Fraire, Ameyalli"]
[Black "Tiba, Mahdi Attiyah"]
[Result "1/2-1/2"]
[ECO "B01"]
[WhiteElo "1907"]
[BlackElo "1759"]
[Annotator "TA"]
[PlyCount "97"]
[EventDate "2022.07.29"]
[EventType "team-tourn"]
[EventCountry "IND"]
[SourceTitle "playchess.com"]
[Source "ChessBase"]
[SourceQuality "1"]
[WhiteTeam "Mexico"]
[BlackTeam "Iraq"]
[WhiteTeamCountry "MEX"]
[BlackTeamCountry "IRQ"]
[TimeControl "40/5400+30:1800+30"]

1. e4 d5 2. exd5 Qxd5 3. Nc3 Qa5 4. d4 c6 5. a3 Nf6 6. Bd3 $1 {[%emt 0:00:20] B01: Scandinavian Defence.} Bg4 7. Nge2 e6 8. f3 {[%emt 0:02:19] White is slightly better.} Bh5 9. O-O Bg6 {[%emt 0:01:30] [#]} 10. Rb1 $146 ({Predecessor:} 10. Ne4 Nbd7 11. b4 Qd8 12. c3 Be7 13. Qc2 Nxe4 14. fxe4 e5 15. Ng3 O-O 16. Nf5 {½-½ (36) Cipressi,N (2163)-Raijmaekers,R (2367) ICCF email 2005}) 10... Nbd7 11. b4 Qc7 12. Bf4 Bd6 13. Bxd6 Qxd6 14. Ne4 Qc7 15. Re1 O-O 16. Qd2 Rad8 17. Nf4 (17. N2g3 $11) 17... e5 $2 (17... Bxe4 $15 {keeps the upper hand.} 18. Bxe4 Qb6) 18. Nxf6+ ({White should try} 18. Nxg6 $16 hxg6 19. Nxf6+ Nxf6 20. dxe5) 18... gxf6 $14 19. Nxg6 hxg6 (19... fxg6 $14 20. Qh6 Nb6) 20. Qh6 $1 $16 {[%emt 0:01:01][%cal Od3g6] Threatening mate with Bxg6!} f5 {[%emt 0:04:11] [#]} 21. f4 {[%emt 0:19:35] White is much more active.} ({White should play} 21. Bxf5 $1 $16 {[%cal Oe1e4][%mdl 512] Re4! would kill now.} gxf5 22. Qg5+ Kh8 23. Qh6+ Kg8 24. Qg5+ Kh8 25. f4) 21... e4 $36 {[%emt 0:07:14][%mdl 2048] Black fights for an advantage.} 22. Re3 Qd6 (22... exd3 $2 23. Rh3 dxc2 24. Qh8#) 23. c3 Qf6 $15 (23... exd3 $2 24. Rh3) 24. Bc4 {[%emt 0:02:36] And now Rg3 would win.} b5 ({Better is} 24... Nb6 $17 25. Bb3 (25. Rh3 Qg7 $17) 25... Nd5 26. Bxd5 (26. Rh3 Qg7 $17) 26... cxd5) 25. Bb3 $11 ({Much weaker is} 25. Rh3 Qg7 26. Bb3 Qxh6 27. Rxh6 Kg7 $17) 25... Nb6 26. Rg3 {[%emt 0:01:54] aiming for Rxg6+.} Nd5 27. Bxd5 cxd5 28. Ra1 (28. a4 $11) 28... Rc8 {[%emt 0:02:30][%cal Oc8c3] Strongly threatening ...Rxc3!} 29. Rh3 Qg7 {[%emt 0:01:05] Inhibits Qh7+.} 30. Qxg7+ Kxg7 $15 {[%emt 0:00:02][%mdl 4096] Endgame KRR-KRR} 31. a4 a6 (31... a5 $5 32. bxa5 (32. axb5 axb4 33. cxb4 Rc4 $17) 32... Ra8 33. axb5 Rfb8 $15) 32. Kf2 Rc6 33. Ke2 (33. axb5 $11 axb5 34. Ra5) 33... Re8 (33... Rb8 $15) 34. axb5 $11 axb5 35. Ra5 Rb6 36. Ra7 (36. Kf2 $11 {remains equal.}) 36... Rd8 (36... Rbb8 $1 $17) 37. Kd2 $2 {[%emt 0:00:55] [#]} (37. Kf2 $11) 37... Rbb8 $1 $19 38. Kc2 {[%emt 0:00:52] [#]} Ra8 $1 39. Rxa8 Rxa8 {[%emt 0:00:02] KR-KR} 40. Kb2 {[%emt 0:00:10] Prevents Ra2+.} Re8 {[%emt 0:00:52] Threatens to win with ...e3.} 41. Kc2 (41. Kc1 $19) 41... e3 (41... Rg8 $17 {Hoping for ...f6.} 42. Kd1 Ra8) 42. Kd1 $11 {[%emt 0:00:12] The position is equal.} e2+ 43. Ke1 Re4 44. Rf3 Kf6 45. Rf2 Re3 46. Rf3 Re4 47. Rf2 Re3 48. Rf3 Re4 49. Rf2 {[%emt 0:00:00] Weighted Error Value: White=0.29 (precise) /Black=0.25 (precise)} 1/2-1/2